 Dungeon Crawl Stone Soup version 0.23.2-1-ga50397a6bc (webtiles) character file.

Game seed: 16655470767185129927

135 FluffierThanThou the Shield-Bearer (level 4, -8/41 HPs)
             Began as a Minotaur Fighter on May 19, 2019.
             Mangled by a gnoll
             ... wielding a +0 halberd
              (15 damage)
             ... on level 3 of the Dungeon.
             The game lasted 00:04:22 (2082 turns).

FluffierThanThou the Shield-Bearer (MiFi)           Turns: 2082, Time: 00:04:23

Health: -8/41      AC:  7    Str: 27    XL:     4   Next: 97%
Magic:  3/3        EV:  4    Int:  5    God:
Gold:   154        SH:  0    Dex:  9    Spells: 3/3 levels left

rFire    . . .     SeeInvis .   a - +0 war axe
rCold    . . .     Gourm    .   c - +0 shield
rNeg     . . .     Faith    .   b - +0 scale mail
rPois    .         Spirit   .   (helmet restricted)
rElec    .         Reflect  .   (no cloak)
rCorr    .         Harm     .   (no gloves)
MR       .....                  (no boots)
Stlth    ..........             (no amulet)
HPRegen  0.13/turn              (no ring)
MPRegen  0.08/turn              (no ring)

@: mighty, held
A: retaliatory headbutt, horns 2
a: no special abilities


You were on level 3 of the Dungeon.
You were not hungry.

You visited 1 branch of the dungeon, and saw 3 of its levels.

You collected 154 gold pieces.

Inventory:

Hand Weapons
 a - a +0 war axe (weapon)
Armour
 b - a +0 scale mail (worn)
 c - a +0 shield (worn)
Scrolls
 e - a scroll of enchant weapon {unknown}
 g - a scroll of magic mapping {unknown}
 i - a scroll of fear {unknown}
 j - a scroll of enchant armour {unknown}
 l - 2 scrolls of identify {unknown}
 o - a scroll of blinking {unknown}
Potions
 h - a potion of heal wounds {unknown}
 k - a potion of flight {unknown}
 m - a potion of curing {unknown}
 n - a potion of agility {unknown}
Comestibles
 f - 6 rations


   Skills:
 + Level 4.5 Fighting
 * Level 3.8 Axes
 + Level 4.5 Armour
 * Level 4.7 Shields


You had 3 spell levels left.
You didn't know any spells.
Your spell library was empty.

Dungeon Overview and Level Annotations

Branches:
Dungeon (3/15)

Altars:
Fedhas


Innate Abilities, Weirdness & Mutations

You reflexively headbutt those who attack you in melee.
You have a pair of horns on your head.


Message History

You closely miss the quokka. You block the gnoll's attack.
The quokka bites you.
You hit the quokka.
The quokka is severely wounded.
You block the quokka's attack.
The gnoll hits you from afar with a +0 halberd.
The quokka bites you.
You slash the quokka!
You kill the quokka!
The gnoll hits you but does no damage.
The gnoll throws a throwing net.
The throwing net hits you.
You become entangled in the net!
You see here a throwing net.
You struggle against the net.
The gnoll hits you from afar with a +0 halberd!
The gnoll hits you from afar with a +0 halberd!
* * * LOW HITPOINT WARNING * * *
You feel very mighty all of a sudden.
The gnoll hits you from afar with a +0 halberd!
You die...

#...## #.#
#.#..####.#
#.#.#.#.#.#.#.#
..............#
#.#.#.#†#.#.#.#
............#
.#.#.#.#.#.#.#
........)..>.#
#.#.#.#.#.#.#@#
###########.#.#
#.#g# #.#g##
##.#gg#####
#.........#
#....)....#
#.........#
#.........#


You could see 4 gnolls.

Vanquished Creatures
  Terence (D:2)
  3 adders
  2 oozes (D:2)
  4 worms
  2 dart slugs
  3 leopard geckos
  A giant cockroach (D:1)
  7 goblins
  7 hobgoblins
  2 jackals (D:1)
  2 quokkas
  2 ball pythons
  6 bats
  5 frilled lizards
  8 kobolds
  A rat (D:3)
56 creatures vanquished.

Notes
Turn   | Place    | Note
-------+----------+-------------------------------------------
     0 | D:1      | FluffierThanThou the Minotaur Fighter began the quest for
                  | the Orb.
     0 | D:1      | Reached XP level 1. HP: 19/19 MP: 0/0
   165 | D:1      | Reached XP level 2. HP: 22/27 MP: 1/1
   732 | D:2      | Reached XP level 3. HP: 22/33 MP: 2/2
   977 | D:2      | Found a blossoming altar of Fedhas.
  1386 | D:2      | Reached XP level 4. HP: 40/40 MP: 3/3
  1496 | D:2      | Noticed Terence
  1507 | D:2      | Killed Terence
  2004 | D:3      | Found a faded altar of an unknown god.
  2082 | D:3      | Mangled by a gnoll

Skill      XL: |  1  2 |
---------------+-------+-----
Armour         | 4 |  4.5
Shields        | 4 |  4.7
Fighting       | 4 |  4.5
Axes           | 3 |  3.8

Action                   |  1- 3 |  4- 6 || total
-------------------------+-------+-------++-------
Melee: War axe           |   119 |    49 ||   168
       Headbutt          |    24 |     8 ||    32
  Use: Potion            |       |     1 ||     1
  Eat: Chunk             |     1 |       ||     1
       Ration            |       |     1 ||     1
Armor: Scale mail        |    54 |    12 ||    66
Dodge: Dodged            |    39 |    21 ||    60
Block: Shield            |    65 |    28 ||    93
